Map: Data-C

Players

Epic - Winner!

  • Race: Terran Terran
  • Spawn Location: 3:00

soO

  • Race: Zerg Zerg
  • Spawn Location: 9:00

Event: DreamHack SC2 Masters 2022 Atlanta (Offline)

VOD

Have the link to the VOD?

Description

Time

  • Played on: Nov. 18, 2022, 4:19 p.m.
  • Length: 11:23

All games in this series

Show
View Real Time Build Order
Export as new Build Order

Epic Terran - Winner!

Build Orders: Reaper Expand 

Get SALT Encoding   

  12  0:00  SCV  
  13  0:12  SCV  
  14  0:17  Supply Depot  
  14  0:24  SCV  
  15  0:38  SCV  
  15  0:39  Barracks  
  16  0:43  Refinery  
  16  0:50  SCV  
  17  1:02  SCV  
  18  1:14  SCV  
  19  1:27  Reaper, Orbital Command  
  20  1:40  Command Center  
  20  1:47  Supply Depot  
  20  1:52  SCV  
  21  1:59  Marine  
  22  2:04  SCV  
  23  2:11  Factory  
  23  2:17  SCV  
  23  2:22  Barracks Reactor  
  24  2:29  SCV  
  25  2:40  Command Center  
  25  2:42  SCV  
  26  2:53  Orbital Command  
  26  2:54  SCV  
  27  3:01  Starport  
  27  3:06  Refinery  
  27  3:07  SCV  
  28  3:16  Hellion  
  28  3:17  Hellion  
  28  3:19  SCV  
  33  3:21  SCV  
  34  3:27  Refinery  
  34  3:31  SCV  
  34  3:33  SCV  
  38  3:45  Fusion Core  
  38  3:46  SCV x2  
  38  3:48  Hellion x2  
  42  3:53  Orbital Command  
  42  3:55  Starport Tech Lab  
  42  3:58  SCV x2  
  44  4:09  Hellion x2  
  48  4:10  SCV x2  
  50  4:20  SCV  
  50  4:21  Supply Depot  
  50  4:22  SCV x2  
  53  4:33  SCV  
  53  4:34  Battlecruiser  
  53  4:38  SCV  
  61  4:43  SCV  
  61  4:44  Supply Depot  
  61  4:45  SCV  
  63  4:48  Barracks  
  63  4:51  SCV, Barracks  
  64  4:54  Barracks Tech Lab, Factory Reactor  
  64  4:55  SCV  
  64  4:57  SCV  
  66  5:04  SCV  
  66  5:06  Engineering Bay, Orbital Command  
  67  5:07  Engineering Bay, SCV  
  67  5:13  Refinery, Stimpack  
  68  5:16  SCV  
  68  5:19  SCV  
  68  5:25  Barracks  
  68  5:27  Supply Depot, Barracks  
  68  5:31  SCV x2  
  68  5:32  SCV  
  68  5:35  Terran Infantry Armor Level 1, Terran Infantry Weapons Level 1  
  71  5:42  Marine x3  
  72  5:45  Starport Reactor  
  72  5:47  SCV x3  
  77  5:50  Siege Tank  
  77  5:51  Supply Depot  
  77  5:52  Supply Depot  
  77  5:53  Marine x2  
  82  5:59  SCV x3  
  85  6:08  Supply Depot  
  85  6:10  Supply Depot  
  85  6:13  SCV x3, Marine x3  
  85  6:15  Barracks Reactor x2  
  91  6:20  Barracks x2, Marine  
  91  6:22  Barracks  
  91  6:24  Medivac x2  
  96  6:29  Siege Tank  
  96  6:32  Marine x4  
  100  6:37  Armory  
  100  6:38  Marine  
  100  6:39  Supply Depot  
  104  6:50  Marine x4  
  104  6:53  Combat Shield, Marine x3  
  104  6:54  Marine  
  112  6:56  Marine  
  112  6:58  Supply Depot  
  113  7:02  Medivac x2  
  113  7:04  Siege Tank  
  113  7:07  Supply Depot  
  113  7:08  Marine x2  
  122  7:09  Marine  
  122  7:10  Marine x2  
  125  7:16  Supply Depot  
  125  7:19  Marine x7  
  132  7:23  Supply Depot  
  132  7:26  Marine  
  132  7:28  Marine x4  
  137  7:35  Supply Depot  
  137  7:36  Medivac  
  139  7:37  Marine x5  
  139  7:38  Supply Depot  
  139  7:41  Marine x2  
  139  7:43  Marine  
  142  7:46  Marine x4  
  142  7:48  Siege Tank  
  149  7:54  Marine  
  149  7:55  Marine x4  
  149  7:58  Supply Depot  
  154  8:00  Supply Depot  
  154  8:01  Terran Infantry Weapons Level 2  
  154  8:03  Terran Infantry Armor Level 2  
  154  8:05  Marine x2  
  154  8:10  Marine x5  
  161  8:13  Marine x2  
  163  8:21  Missile Turret  
  163  8:22  Missile Turret  
  163  8:23  Missile Turret  
  163  8:25  Siege Tank  
  165  8:31  Medivac  
  165  8:32  Marine x5  
  165  8:33  Marine  
  149  8:44  Medivac  
  132  8:50  Marine x9  
  132  8:51  Marine  
  138  9:01  Medivac, Siege Tank  
  126  9:09  Marine x6  
  130  9:12  Marine x2  
  130  9:14  Command Center  
  131  9:19  Marine  
  131  9:22  Barracks Reactor x3  
  132  9:24  Medivac  
  132  9:27  Marine x2  
  136  9:31  Marine x6  
  136  9:36  Medivac  
  136  9:37  Siege Tank, Marine  
  148  9:45  Marine x2  
  150  9:49  Marine x6  
  156  9:55  Medivac, Marine  
  158  10:02  Marine  
  158  10:03  Marine  
  158  10:05  Marine  
  158  10:06  Marine x5  
  158  10:07  Marine x6  
  139  10:12  Marine  
  146  10:15  Medivac  
  146  10:19  Missile Turret  
  146  10:20  Marine x2  
  147  10:23  Marine x6  
  147  10:24  Marine  
  147  10:25  Medivac, Marine x5  
  147  10:27  Planetary Fortress  
  161  10:30  Marine  
  161  10:33  Siege Tank  
  164  10:38  Marine x2  
  164  10:41  Marine x6  
  164  10:42  Marine  
  170  10:47  Marine  
  170  10:48  Marine x5  
  143  10:56  Marine x2  
  145  10:59  Marine x6  
  145  11:00  Marine  
Show
View Real Time Build Order
Export as new Build Order

soO Zerg 

Build Orders: Hatch First 

Get SALT Encoding   

  12  0:00  Drone  
  13  0:12  Overlord  
  13  0:16  Drone  
  14  0:31  Drone x2  
  16  0:47  Hatchery  
  15  0:51  Drone  
  15  0:54  Drone  
  17  1:08  Drone  
  17  1:10  Extractor  
  17  1:13  Spawning Pool  
  17  1:17  Drone  
  17  1:20  Drone  
  18  1:28  Drone  
  19  1:39  Drone  
  20  1:49  Drone  
  21  1:59  Queen  
  21  2:00  Zergling x4, Queen  
  27  2:11  Overlord  
  27  2:12  Drone  
  28  2:21  Hatchery  
  27  2:24  Drone  
  28  2:31  Drone  
  28  2:34  Spore Crawler, Drone  
  28  2:35  Drone  
  31  2:39  Queen  
  33  2:45  Overlord  
  33  2:47  Drone  
  34  2:52  Metabolic Boost  
  34  2:56  Drone  
  35  2:59  Drone  
  36  3:06  Drone x2  
  36  3:08  Queen  
  36  3:11  Drone  
  41  3:14  Overlord  
  41  3:16  Drone  
  41  3:19  Drone  
  43  3:27  Drone  
  43  3:29  Overlord  
  43  3:32  Queen, Drone  
  47  3:35  Drone  
  47  3:38  Queen  
  47  3:40  Drone  
  51  3:44  Drone  
  51  3:45  Queen  
  54  3:49  Overlord  
  54  3:52  Drone  
  55  3:56  Drone x3  
  55  3:58  Drone  
  55  4:02  Drone x3  
  62  4:05  Drone  
  62  4:09  Overlord  
  63  4:11  Queen  
  63  4:14  Drone  
  63  4:15  Drone  
  63  4:16  Drone  
  68  4:20  Queen  
  70  4:25  Lair  
  70  4:27  Drone x2  
  70  4:28  Drone  
  70  4:29  Drone, Extractor  
  73  4:33  Baneling Nest  
  73  4:34  Drone  
  73  4:35  Drone x2  
  75  4:38  Drone  
  75  4:39  Drone  
  75  4:40  Drone  
  79  4:45  Zergling x4  
  79  4:46  Zergling x4  
  79  4:48  Spore Crawler  
  79  4:49  Overlord  
  79  4:50  Overlord  
  81  4:54  Overlord  
  81  4:55  Overlord  
  81  4:59  Extractor x2  
  78  5:02  Spore Crawler, Drone x2  
  78  5:03  Spore Crawler, Drone x2  
  80  5:11  Drone x3  
  80  5:12  Drone  
  80  5:14  Drone x2  
  86  5:18  Evolution Chamber  
  86  5:19  Evolution Chamber  
  84  5:24  Drone x2  
  84  5:25  Drone x2  
  84  5:27  Extractor  
  87  5:29  Drone  
  87  5:31  Centrifugal Hooks  
  87  5:33  Overseer  
  88  5:38  Hatchery  
  88  5:40  Zergling x14  
  94  5:54  Drone  
  94  5:55  Drone x3, Spire  
  94  5:56  Drone  
  97  6:02  Drone x5  
  97  6:03  Drone  
  103  6:05  Drone x2  
  103  6:08  Zerg Ground Armor Level 1, Zerg Melee Weapons Level 1  
  103  6:10  Drone  
  105  6:12  Drone x3  
  105  6:14  Drone  
  105  6:15  Overlord  
  108  6:30  Drone x4  
  110  6:35  Overlord  
  110  6:39  Zergling x2  
  113  6:41  Overlord  
  113  6:44  Hatchery  
  113  6:46  Overlord  
  112  6:50  Overlord  
  112  6:53  Zergling x14  
  119  7:00  Baneling x3  
  119  7:01  Baneling x2  
  119  7:03  Zergling x8  
  121  7:10  Zergling x6  
  121  7:14  Baneling x2, Mutalisk x4  
  132  7:18  Mutalisk x3  
  138  7:26  Overlord  
  139  7:30  Drone x3  
  139  7:31  Extractor  
  139  7:36  Overlord  
  139  7:37  Zerg Flyer Weapons Level 1  
  140  7:38  Zergling x22  
  140  7:41  Hatchery  
  148  7:47  Drone x2  
  148  7:48  Drone x2  
  152  7:51  Mutalisk x3, Extractor  
  152  7:55  Overlord  
  152  7:57  Baneling x8  
  156  7:59  Overlord  
  156  8:01  Baneling x3  
  156  8:02  Zergling x14  
  163  8:05  Queen  
  163  8:10  Zergling x12, Baneling x6  
  171  8:17  Zergling x2  
  172  8:22  Zergling x10, Queen  
  172  8:24  Baneling x9  
  172  8:34  Zergling x22, Baneling x6  
  150  8:44  Zergling x8  
  150  8:47  Zergling x8  
  143  8:50  Zergling x4  
  143  8:54  Mutalisk x3  
  146  8:58  Zergling x2  
  146  8:59  Zergling x2  
  146  9:02  Zergling x2  
  131  9:04  Zergling x2  
  131  9:05  Zergling x2  
  131  9:06  Zergling x2  
  131  9:08  Baneling x7  
  130  9:11  Zergling x12  
  130  9:14  Zergling x6  
  139  9:20  Zergling x14  
  139  9:23  Zergling x2  
  147  9:28  Zergling x8  
  151  9:31  Queen  
  151  9:33  Zergling x8  
  157  9:44  Zergling x20  
  167  9:47  Overlord  
  167  9:50  Hatchery  
  166  9:54  Zergling x12  
  169  10:05  Zergling x10  
  140  10:08  Baneling x19  
  140  10:14  Mutalisk  
  140  10:15  Zergling x18  
  140  10:20  Zergling x2  
  140  10:21  Zergling x10  
  157  10:26  Mutalisk x2  
  161  10:32  Zergling x8  
  163  10:39  Zergling x8  
  163  10:40  Baneling x7  
  135  10:50  Zergling x14  
  135  10:51  Zergling x12  
  145  10:57  Mutalisk x3  
Tags
 
Add a new tag
Caveats
  • Supply blocks, unpowered buildings, or Contaminate may cause inaccurate times.
  • Supply counts are checked every 10 seconds.